 Dungeon Crawl Stone Soup version 0.32-a0-871-ge202e49 (webtiles) character file.

Game seed: 9785529232117538577

189314 QuokkaLover the Bludgeoner (level 17, -10/163 HPs)
             Began as a Minotaur Warper on Mar 29, 2024.
             Was the Champion of Beogh.
             Killed by an exploding ball lightning (34 damage)
             ... on level 4 of the Shoals.
             The game lasted 01:33:56 (39349 turns).

QuokkaLover the Bludgeoner (Minotaur Warper)       Turns: 39349, Time: 01:33:57

Health: -10/163    AC: 23    Str: 31    XL:     17   Next: 50%
Magic:  25/25      EV: 12    Int: 21    God:    Beogh [******]
Gold:   2093       SH:  0    Dex: 12    Spells: 7/28 levels left

rFire   + . .        u - +4 great mace (drain)
rCold   . . .        (shield currently unavailable)
rNeg    . . .        O - +0 ring mail of the Volcano {Str+4 Int+6 Stlth+}
rPois   .            J - +2 hat
rElec   .            Z - +5 cloak "Melutty" {Int+3 Dex+2 Stlth+}
rCorr   .            k - +0 pair of gloves
SInv    .            p - +0 pair of boots of Foolhardiness {Str+5 Stlth-}
Will    +....        s - amulet of regeneration
Stlth   ++           (no ring)
HPRegen 1.27/turn    q - ring of Springtime {rF+ AC+4}
MPRegen 0.19/turn

%: no passive effects
@: studying 2 skills
A: walk on water, horns 2, retaliatory headbutt
}: 1/15 runes: barnacled
a: Renounce Religion, Smiting, Recall Apostles, Blood for Blood, Dismiss Morun,
wizard, Dismiss Hilgar, warrior, Dismiss Margrim, warrior


You were on level 4 of the Shoals.
You worshipped Beogh.
Beogh was exalted by your worship.
You visited 4 branches of the dungeon, and saw 26 of its levels.
You also visited: Sewer, Gauntlet and Ice Cave.

You collected 3906 gold pieces.
You spent 1813 gold pieces at shops.

Inventory:

Hand Weapons
 u - a +4 great mace of draining (weapon)
 v - the +2 dagger of Mutrei {venom, rPois rF++ Dex-2}
   (You took it off a merfolk siren on level 4 of the Shoals)

   Dex-2:     It affects your dexterity (-2).
   rF++:      It greatly protects you from fire.
   rPois:     It protects you from poison.
Missiles
 c - 3 curare-tipped darts (quivered) {!f}
 e - 12 darts of dispersal
 z - 3 throwing nets {!f}
Armour
 k - a +0 pair of gloves (worn)
 n - the +6 chain mail "Voazem" {rCorr Str+3}
   (You bought it in a shop on level 2 of the Orcish Mines)

   Str+3:     It affects your strength (+3).
   rCorr:     It protects you from acid and corrosion.
 p - the +0 pair of boots of Foolhardiness (worn) {Str+5 Stlth-}
   (You found it on level 15 of the Dungeon)

   Str+5:     It affects your strength (+5).
   Stlth-:    It makes you less stealthy.
 C - the +8 orange crystal plate armour {Archmagi, Int+3 Clar}
   (You took it off a minotaur in a Gauntlet)

   Int+3:     It affects your intelligence (+3).
   Clar:      It protects you from confusion, rage, mesmerisation and fear.
 J - a +2 hat (worn)
 O - the +0 ring mail of the Volcano (worn) {Str+4 Int+6 Stlth+}
   (You found it in a Gauntlet)

   Str+4:     It affects your strength (+4).
   Int+6:     It affects your intelligence (+6).
   Stlth+:    It makes you more stealthy.
 Y - the +1 pair of gloves "Epixt" {MP-9 Int+3 SInv Stlth+}
   (You found it on level 15 of the Dungeon)

   Int+3:     It affects your intelligence (+3).
   MP-9:      It affects your magic capacity (-9).
   SInv:      It lets you see invisible.
   Stlth+:    It makes you more stealthy.
 Z - the +5 cloak "Melutty" (worn) {Int+3 Dex+2 Stlth+}
   (You found it on level 15 of the Dungeon)

   Int+3:     It affects your intelligence (+3).
   Dex+2:     It affects your dexterity (+2).
   Stlth+:    It makes you more stealthy.
Magical Staves
 D - the staff "Qeitea" {Fly rC+ Dex+4 Ice Earth}
   (You found it on level 10 of the Dungeon)

   [staff of cold]

   Base accuracy: +5 Base damage: 5 Base attack delay: 1.2 This weapon's minimum
   attack delay (0.6) is reached at skill level 12.
   Dex+4:     It affects your dexterity (+4).
   rC+:       It protects you from cold.
   Fly:       It grants you flight.
   Ice:       It increases the power of your Ice spells.
   Earth:     It increases the power of your Earth spells.
   It falls into the 'Staves' category.
   It is a one-handed weapon.
Jewellery
 q - the ring of Springtime (right hand) {rF+ AC+4}
   (You took it off an orc knight on level 15 of the Dungeon)

   [ring of protection]

   AC+4:      It affects your AC (+4).
   rF+:       It protects you from fire.
 s - an amulet of regeneration (around neck)
 t - a ring of ice
 w - the amulet of Finality {rF+ RegenMP+ Str+2}
   (You found it on level 1 of the Lair of Beasts)

   [amulet of magic regeneration]

   It increases your rate of magic regeneration.
   Str+2:     It affects your strength (+2).
   rF+:       It protects you from fire.
   RegenMP+:  It increases your rate of magic regeneration.
 B - the ring "Iptuopin" {Fly rElec rN+ Dex+2}
   (You bought it in a shop on level 2 of the Orcish Mines)

   [ring of positive energy]

   Dex+2:     It affects your dexterity (+2).
   rElec:     It insulates you from electricity.
   rN+:       It protects you from negative energy.
   Fly:       It grants you flight.
 V - the ring "Kupag" {rPois Will+ Int+6}
   (You bought it in a shop on level 2 of the Orcish Mines)

   [ring of intelligence]

   Int+6:     It affects your intelligence (+6).
   rPois:     It protects you from poison.
   Will+:     It increases your willpower.
Wands
 d - a wand of mindburst (11)
 f - a wand of flame (33)
 g - a wand of iceblast (21)
 E - a wand of charming (45)
 H - a wand of polymorph (14)
Scrolls
 a - 4 scrolls of enchant armour
 i - 4 scrolls of summoning {!r}
 m - 3 scrolls of vulnerability
 y - 5 scrolls of fog {!r}
 N - 3 scrolls of revelation {!r}
 R - 2 scrolls of fear {!r}
 S - a scroll of immolation
 T - 8 scrolls of teleportation {!r}
 U - 7 scrolls of poison
 W - 4 scrolls of blinking
 X - 3 scrolls of amnesia
Potions
 b - 6 potions of heal wounds {!q}
 h - 5 potions of haste {!q}
 j - 6 potions of magic {!q}
 l - 7 potions of lignification {!q}
 o - 2 potions of cancellation {!q}
 r - 2 potions of invisibility {!q}
 x - 4 potions of ambrosia {!q}
 A - 2 potions of attraction
 G - 7 potions of berserk rage {!q}
 I - 8 potions of enlightenment {!q!q}
 K - 2 potions of might {!q}
 L - 5 potions of brilliance {!q}
 M - 4 potions of resistance {!q}
 P - 3 potions of mutation
 Q - 4 potions of curing {!q}
Miscellaneous
 F - a Gell's gravitambourine (1/2)


   Skills:
 - Level 18.0 Fighting
 - Level 20.0 Maces & Flails
 - Level 3.0 Throwing
 - Level 12.0 Armour
 - Level 6.0 Dodging
 - Level 3.0 Stealth
 - Level 6.0 Spellcasting
 - Level 2.0 Summonings
 + Level 10.9 Translocations
 - Level 4.0 Air Magic
 + Level 9.4 Invocations
 + Level 6.1 Evocations


You had 7 spell levels left.
You knew the following spells:

 Your Spells              Type           Power      Damage    Failure   Level
c - Maxwell's Portable P  Tloc           51%        2d(13-25) 1%          4
n - Apportation           Tloc           100%       N/A       1%          1
s - Blink                 Tloc           100%       N/A       1%          2
v - Teleport Other        Tloc           51%        N/A       1%          3
x - Lesser Beckoning      Tloc           100%       N/A       1%          2
z - Vhi's Electric Charg  Tloc/Air       74%        N/A       6%          4
U - Summon Forest         Summ/Tloc      16%        N/A       24%         5

Your spell library contained the following spells:

 Spells                   Type           Power      Damage    Failure   Level
 Volatile Blastmotes      Fire/Tloc      58%        2d14      4%          3
 Summon Small Mammal      Summ           56%        N/A       5%          1
 Swiftness                Air            23%        N/A       7%          3
 Cigotuvi's Dreadful Rot  Necr/Alch/Air  22%        N/A       11%         2
 Foxfire                  Conj/Fire      24%        2x1d5     12%         1
 Freeze                   Ice            24%        1d4       12%         1
 Kiss of Death            Conj/Necr      24%        2d7       12%         1
 Sandblast                Erth           12%        2d6       12%         1
 Iskenderun's Mystic Bla Conj/Tloc 29%            2d7        (+2d3     13%         4
 Call Canine Familiar     Summ           14%        N/A       16%         3
 Ensorcelled Hibernation  Hex/Ice        12%        N/A       19%         2
 Scorch                   Fire           12%        2d5       19%         2
 Sublimation of Blood     Necr           6%         N/A       19%         2
 Confusing Touch          Hex            6%         N/A       36%         3
 Dazzling Flash           Conj/Hex       12%        N/A       36%         3
 Frozen Ramparts          Ice            12%        1d2       36%         3
 Fugue of the Fallen      Necr           6%         N/A       36%         3
 Hailstorm                Conj/Ice       6%         3d5       36%         3
 Ozocubu's Armour         Ice            6%         N/A       36%         3
 Passwall                 Erth           6%         N/A       36%         3
 Sigil of Binding         Hex            6%         N/A       36%         3
 Stone Arrow              Conj/Erth      12%        3d7       36%         3
 Summon Blazeheart Golem  Fire/Summ      10%        N/A       63%         4
 Animate Dead             Necr           6%         N/A       77%         4
 Brom's Barrelling Bould  Conj/Erth      6%         2d3       77%         4
 Dispel Undead            Necr           6%         3d8       77%         4
 Flame Wave               Conj/Fire      6%         2d5       77%         4
 Fulminant Prism          Conj/Alch      3%         3d5       77%         4
 Ignite Poison            Fire/Alch      6%         N/A       77%         4
 Olgreb's Toxic Radiance  Alch           6%         N/A       77%         4
 Petrify                  Alch/Erth      6%         N/A       77%         4
 Sticky Flame             Fire/Alch      6%         2d4       77%         4
 Manifold Assault         Tloc           25%        N/A       77%         7
 Arcjolt                  Conj/Air       7%         1d17      83%         5
 Freezing Cloud           Conj/Ice/Air   5%         6-21      90%         5
 Borgnjor's Vile Clutch   Necr/Erth      3%         N/A       98%         5
 Irradiate                Conj/Alch      3%         3d12      98%         5
 Death Channel            Necr           3%         N/A       100%        6
 Eringya's Noxious Bog    Alch           3%         4d6       100%        6
 Plasma Beam              Fire/Air       7%         2x1d17    100%        6
 Sculpt Simulacrum        Ice/Alch       3%         N/A       100%        6
 Starburst                Conj/Fire      3%         6d3       100%        6
 Summon Cactus Giant      Summ           7%         N/A       100%        6
 Ozocubu's Refrigeration  Ice            3%         4d8       100%        7
 Summon Hydra             Summ           7%         N/A       100%        7
 Discord                  Hex            3%         N/A       100%        8
 Ignition                 Fire           3%         3d4       100%        8
 Maxwell's Capacitive Co  Air            11%        ∞         100%        8


Dungeon Overview and Level Annotations

Branches:
Dungeon (15/15) Temple (0/1) D:5 Lair (5/5) D:8 Shoals (4/4) Lair:3 Spider (0/4) Lair:2 Slime (0/5) Lair:4 Orc (2/2) D:10 Elf (0/3) Orc:1 Orc:2 Vaults (0/5) D:14 Depths (0/4) D:15 Sewer (visited) IceCv (visited) Gauntlet (visited)

Altars:
Cheibriados
Makhleb
Okawaru
Ru
Uskayaw
Vehumet
Wu Jian
Beogh
Jiyva

Shops:
D:6 =   D:10 ([   Orc:1 !   Orc:2 *==?   Shoals:3 [

Portals:
Trove: D:11 (give 3 scrolls of blinking)

Annotations:
D:4 5 exclusions
Lair:1 6 exclusions
Lair:4 1 exclusion
Shoals:4 RememberNoOTab's ghost, adept DsCj


Innate Abilities, Weirdness & Mutations

You can walk on water.
Your facial features are unmistakably orcish.
You have a pair of horns on your head.
You reflexively headbutt those who attack you in melee.


Message History

Beogh accepts your kill.
Margrim completely misses RememberNoOTab's ghost.
Hilgar closely misses RememberNoOTab's ghost.
You bludgeon the manticore simulacrum!! You headbutt the manticore simulacrum.
The manticore simulacrum vaporises!
Beogh accepts your kill.
Hilgar hits the sea snake simulacrum with a +2 great sword of electrocution!!
The sea snake simulacrum vaporises!
Beogh accepts your kill.
RememberNoOTab's ghost gestures wildly while chanting. 3 ball lightnings come into view.
You're wearing all the rings you can.
Remove which one? (? for menu, Esc to cancel) < or
V - the ring "Kupag" {rPois Will+ Int+6} > or
q - the ring of Springtime {rF+ AC+4} You remove the ring "Kupag" {rPois Will+ Int+6}.
You feel stupid.
Margrim hits the merfolk simulacrum with a +2 heavy great mace!!
The ball lightning explodes!
The blast of lightning engulfs the merfolk siren simulacrum!!!
The merfolk siren simulacrum vaporises!
The blast of lightning engulfs the ball lightning.
The ball lightning completely resists.
The blast of lightning engulfs RememberNoOTab's ghost!!
The blast of lightning engulfs you!!!
The blast of lightning engulfs Hilgar!
The blast of lightning engulfs Margrim!!
The blast of lightning engulfs the merfolk aquamancer simulacrum!!!
The blast of lightning engulfs the ball lightning.
The ball lightning completely resists.
The blast of lightning engulfs the merfolk simulacrum!!!
The merfolk simulacrum vaporises!
The ball lightning explodes!
The blast of lightning engulfs the ball lightning.
The ball lightning completely resists.
The blast of lightning engulfs you!!
The blast of lightning engulfs RememberNoOTab's ghost!
The ball lightning explodes!
The blast of lightning engulfs RememberNoOTab's ghost!!
The blast of lightning engulfs you!!
You die...

~~~..##.....#$[#.#$.#............
............##.(!?.##............
...~~~..~...#.......#............
...~~~~.....##.~...##.........P..
......~~.~~~#.~..Z..#..........#.
....~.)~~~~~###'Z○###..........#.
......~~~.~~~~.☼Woo..............
~..~~..~~..~~~..○...............)
~~..~~~~~~~~~~~.@...............[
~~..~~~~~~.~~~~..................
~.~~~~~~~~~~~~~..................
†~~~~~~~~~÷)~~~.............#.##.
~~†~~~~~~~≈~÷~~.............###..
~~~~~~~~~≈≈~~~~..................
~~~~~~~~~≈≈~~÷...........~~~....P
≈~~)~~~≈≈≈≈~~÷÷.~~.....~~~~~....P
≈≈~~~≈≈≈≈≈≈≈~)~~~~~...~~~~~~~~P..


You could see RememberNoOTab's ghost (distracted, target of vengeance), a
merfolk aquamancer simulacrum (distracted, ally target, target of vengeance), a
merfolk javelineer simulacrum (target of vengeance), the friendly Hilgar the orc
apostle and the friendly Margrim the orc apostle (strong).

Vanquished Creatures
  Bai Suzhen (Shoals:3)
  A kraken (Shoals:1)
  Gastronok (D:8)
  Roxanne (Shoals:4)
  Ilsuiw (Shoals:2)
  An orc warlord (D:15)
  A minotaur (Gauntlet)
  5 merfolk javelineers
  4 merfolk impalers
  An orc apostle (Lair:5)
  Fannar (D:10)
  A vault guard (D:14)
  7 centaur warriors
  3 catoblepae
  Erolcha (D:11)
  An ogre mage (D:15)
  3 hydras
  4 merfolk aquamancers
  2 merfolk avatars
  3 satyrs
  A dancing weapon (D:14)
  7 two-headed ogres
  5 boulder beetles
  A death knight (D:14)
  3 alligator snapping turtles
  A deep troll earth mage (D:15)
  6 death yaks
  A tengu warrior (D:14)
  2 orc high priests (Orc:2)
  5 skysharks
  2 sun demons (Shoals:2)
  A deep troll (Orc:1)
  The ghost of jongho1212 the Impaler, a novice MfGl of Gozag (D:7)
  An arcanist (D:15)
  10 sea snakes
  A sun moth (Shoals:2)
  A phantasmal warrior (D:14)
  2 orc knights
  18 harpies
  A necromancer (IceCv)
  An obsidian bat (Orc:2)
  2 deep elf pyromancers
  10 manticores
  12 ugly things
  An orc sorcerer (Orc:2)
  3 oklob plants (Lair:5)
  6 cyclopes
  13 fauns
  Maurice (D:7)
  A kobold blastminer (Orc:1)
  7 merfolk sirens
  4 water nymphs
  A meliai (D:15)
  7 elephants
  A black mamba (Lair:5)
  3 torpor snails (Lair:5)
  2 gargoyles
  2 molten gargoyles (Gauntlet)
  6 komodo dragons
  2 unseen horrors
  7 cane toads
  An efreet (D:15)
  A yaktaur (D:10)
  A rime drake (Lair:5)
  4 freezing wraiths (IceCv)
  2 anaconda simulacra (IceCv)
  Psyche (D:8)
  7 trolls
  8 ice devils (IceCv)
  A queen bee (Gauntlet)
  18 merfolk
  9 polar bears
  2 hornets
  7 blink frogs
  4 wind drakes
  15 dream sheep (Lair:5)
  A blink frog (shapeshifter) (D:13)
  10 snapping turtles
  14 slime creatures (D:14)
  5 shadows
  2 wraiths
  32 yaks
  6 water elementals
  6 wyverns
  A hog (shapeshifter) (D:10)
  A human (shapeshifter) (D:15)
  Eustachio (D:5)
  4 wargs (Orc:2)
  A sea snake simulacrum (Shoals:4)
  6 basilisks
  6 vampire mosquitoes (D:10)
  4 death yak simulacra
  Menkaure (D:5)
  2 swamp worms (Gauntlet)
  7 water moccasins
  Duvessa (D:6)
  An acid dragon (D:10)
  4 hydra simulacra (IceCv)
  16 orc warriors
  5 black bears
  A sky beast (D:6)
  Pargi (Sewer)
  2 laughing skulls (D:13)
  4 wolves (Lair:1)
  9 centaurs
  7 ogres
  A phantom (D:5)
  3 kobold brigands
  2 brain worms (Sewer)
  8 bullfrogs
  A gnoll sergeant (D:10)
  4 scorpions
  2 two-headed ogre simulacra (IceCv)
  Dowan (D:6)
  9 elephant simulacra
  5 killer bees (Gauntlet)
  A manticore simulacrum (Shoals:4)
  3 howler monkeys
  3 electric eels
  4 jellies
  6 hounds
  8 orc priests
  4 iguanas (D:5)
  2 sleepcaps (D:4)
  13 hell rats
  22 orc wizards
  A statue (D:6)
  A troll simulacrum (IceCv)
  5 polar bear simulacra
  5 wolf simulacra
  11 gnolls
  8 adders
  A shadow imp (D:6)
  7 ufetubi
  6 dart slugs
  4 ribbon worms
  35 orcs
  9 bats
  17 endoplasms
  2 giant cockroaches
  11 goblins
  7 hobgoblins
  3 jackals (D:3)
  3 quokkas
  15 ball pythons
  9 frilled lizards
  32 kobolds
  5 rats
746 creatures vanquished.

Vanquished Creatures (collateral kills)
  Polyphemus (Shoals:4)
  The ghost of Ruhen the Warrior, an adept CoGl of Okawaru (D:15)
  Aizul (Shoals:2)
  2 merfolk impalers (Shoals:4)
  An ogre mage (D:10)
  2 merfolk avatars
  A boulder beetle (Lair:2)
  A death yak (Shoals:4)
  3 sun demons (Shoals:2)
  6 sea snakes
  A lindwurm (Lair:4)
  An obsidian bat (Orc:2)
  3 orc knights
  4 harpies
  An oklob plant (Lair:5)
  2 cyclopes
  3 manticores
  7 fauns
  2 water nymphs
  2 elephants
  A black mamba (Lair:4)
  3 merfolk sirens
  An ice statue (IceCv)
  A gargoyle (D:10)
  3 cane toads
  A kobold demonologist (D:10)
  A komodo dragon (Lair:5)
  A nameless horror (Shoals:1)
  An ice devil (IceCv)
  2 rime drakes (Lair:5)
  3 freezing wraiths
  12 merfolk
  6 polar bears
  2 hornets (Lair:5)
  2 wind drakes
  3 snapping turtles
  11 blink frogs
  A dream sheep (Lair:5)
  2 slime creatures (D:14)
  A wraith (D:14)
  A dire elephant simulacrum (IceCv)
  3 yaks
  3 water elementals
  2 basilisks
  A sea snake simulacrum (Shoals:4)
  A death yak simulacrum (IceCv)
  A hydra simulacrum (IceCv)
  5 black bears (Lair:2)
  An orc warrior (D:10)
  4 ogres
  2 centaurs (D:15)
  2 bullfrogs
  A kobold brigand (D:10)
  A two-headed ogre simulacrum (IceCv)
  A merfolk simulacrum (Shoals:4)
  A cane toad simulacrum (IceCv)
  An elephant simulacrum (IceCv)
  A manticore simulacrum (Shoals:4)
  A killer bee (Gauntlet)
  2 electric eels (Lair:2)
  5 orc priests
  7 orc wizards
  A troll simulacrum (IceCv)
  4 hell rats
  4 gnolls (D:10)
  An orc (D:15)
  A butterfly (Lair:1)
161 creatures vanquished.

Vanquished Creatures (others)
  11 orc apostles
  An orc high priest (D:15)
  An orc knight (Orc:1)
  2 orc sorcerers
  A merfolk siren (Shoals:2)
  A steam dragon (D:8)
  3 orc warriors
  2 merfolk simulacra (Shoals:4)
  A gnoll bouda (D:8)
  5 orc priests
  11 orc wizards
  A hell rat (Lair:1)
  A gnoll (D:8)
  A ribbon worm (D:5)
  27 orcs
  3 ball lightnings (Shoals:4)
  A snaplasher vine (Shoals:2)
  4 tentacles (Shoals:1)
77 creatures vanquished.

Grand Total: 984 creatures vanquished

Notes
Turn   | Place    | Note
-------+----------+-------------------------------------------
     0 | D:1      | QuokkaLover the Minotaur Warper began the quest for the
                  | Orb.
     0 | D:1      | Reached XP level 1. HP: 18/18 MP: 1/1
   108 | D:1      | Reached skill level 3 in Maces & Flails
   120 | D:1      | Reached XP level 2. HP: 25/25 MP: 3/3
   523 | D:1      | Got the Parchment of the Firefly
   530 | D:1      | Learned a level 2 spell: Blink
   776 | D:1      | Reached XP level 3. HP: 29/31 MP: 4/4
   916 | D:2      | Reached skill level 4 in Maces & Flails
  1175 | D:2      | Reached XP level 4. HP: 38/38 MP: 5/5
  1654 | D:3      | Reached skill level 5 in Maces & Flails
  2192 | D:4      | Noticed a scorpion
  2196 | D:4      | Killed a scorpion
  2197 | D:4      | Reached XP level 5. HP: 41/46 MP: 6/6
  2223 | D:4      | Reached skill level 6 in Maces & Flails
  2229 | D:4      | Reached XP level 6. HP: 23/53 MP: 7/7
  2481 | D:4      | Reached skill level 5 in Fighting
  2509 | D:4      | Found a glowing drain.
  2598 | Sewer    | Entered a sewer
  2606 | Sewer    | Reached skill level 7 in Maces & Flails
  2620 | Sewer    | Noticed Pargi
  2642 | Sewer    | Killed Pargi
  2735 | Sewer    | Reached XP level 7. HP: 54/61 MP: 6/8
  3130 | D:4      | Reached skill level 8 in Maces & Flails
  3689 | D:5      | Entered Level 5 of the Dungeon
  3689 | D:5      | Noticed Eustachio
  3717 | D:5      | Killed Eustachio
  3718 | D:5      | Reached skill level 9 in Maces & Flails
  3752 | D:5      | Learned a level 1 spell: Apportation
  3755 | D:5      | Learned a level 2 spell: Lesser Beckoning
  3759 | D:5      | Learned a level 3 spell: Teleport Other
  3776 | D:5      | Reached XP level 8. HP: 71/71 MP: 9/9
  3805 | D:5      | Found a staircase to the Ecumenical Temple.
  4189 | D:5      | Reached skill level 10 in Maces & Flails
  4561 | D:5      | Noticed Menkaure
  4571 | D:5      | Killed Menkaure
  4799 | D:6      | Found a radiant altar of Vehumet.
  4932 | D:6      | Reached skill level 1 in Stealth
  4971 | D:6      | Noticed Duvessa
  4971 | D:6      | Noticed Dowan
  5225 | D:6      | Found an ornate altar of the Wu Jian Council.
  5225 | D:6      | Found a snail-covered altar of Cheibriados.
  5864 | D:6      | Reached XP level 9. HP: 78/81 MP: 11/11
  5985 | D:6      | Killed Duvessa
  5993 | D:6      | Killed Dowan
  6088 | D:6      | Found Bocon's Jewellery Shop.
  6341 | D:7      | Found a sacrificial altar of Ru.
  6920 | D:7      | Noticed Maurice
  6943 | D:7      | Maurice stole a ring of positive energy
  6956 | D:7      | Maurice stole 349 gold
  7270 | D:7      | Found a runed translucent gate.
  7270 | D:7      | Found a runed translucent gate.
  7270 | D:7      | Found a runed translucent gate.
  7272 | D:7      | Noticed jongho1212's ghost (novice MfGl)
  7439 | D:7      | Reached skill level 1 in Evocations
  7945 | D:8      | Became a worshipper of Beogh the Shepherd
  8148 | D:8      | Noticed Gastronok
  8170 | D:8      | Killed Gastronok
  8171 | D:8      | Reached skill level 5 in Translocations
  8171 | D:8      | Reached XP level 10. HP: 63/88 MP: 13/15
  8376 | D:8      | Found a staircase to the Lair.
  8376 | D:8      | Noticed an elephant
  8406 | D:8      | Killed an elephant
  8487 | D:8      | Noticed Psyche
  8511 | D:8      | Killed Psyche
  8798 | D:8      | Found an iron altar of Okawaru.
  9486 | D:9      | Reached * piety under Beogh
  9771 | D:9      | Found a hide-covered altar of Uskayaw.
  9785 | D:9      | Learned a level 4 spell: Maxwell's Portable Piledriver
  9790 | D:9      | Learned a level 4 spell: Vhi's Electric Charge
 10444 | D:10     | Entered Level 10 of the Dungeon
 10486 | D:10     | Noticed a centaur warrior
 10507 | D:10     | Killed a centaur warrior
 10509 | D:10     | Noticed a two-headed ogre
 10509 | D:10     | Noticed an orc knight
 10529 | D:10     | Noticed an orc knight
 10606 | D:10     | Found Peemu's Weapon Shop.
 10608 | D:10     | Found a staircase to the Orcish Mines.
 10613 | D:10     | Noticed a gargoyle
 10627 | D:10     | Killed a gargoyle
 10636 | D:10     | Reached XP level 11. HP: 31/94 MP: 16/16
 10895 | D:10     | Reached skill level 1 in Invocations
 11035 | D:10     | Noticed a white ugly thing
 11041 | D:10     | Noticed a cyan ugly thing
 11233 | D:10     | Found Haddenwi's Armour Shop.
 11485 | D:10     | Noticed an ogre mage
 11522 | D:10     | Noticed a boulder beetle
 11683 | D:10     | Noticed a deep elf pyromancer
 11699 | D:10     | Killed a deep elf pyromancer
 11967 | D:10     | Reached skill level 5 in Invocations
 11972 | D:10     | Reached ** piety under Beogh
 12255 | D:10     | Noticed a two-headed ogre
 12269 | D:10     | Killed a two-headed ogre
 12487 | D:10     | Killed a two-headed ogre
 12795 | D:10     | Identified the ring of Sevvo {Wiz Stlth+}
 12809 | D:10     | Killed an orc knight
 12810 | D:10     | Reached skill level 11 in Maces & Flails
 13147 | D:10     | Killed a boulder beetle
 13181 | D:10     | Killed an orc knight
 13182 | D:10     | Reached XP level 12. HP: 73/106 MP: 14/17
 13532 | D:10     | Killed an ogre mage
 13533 | D:10     | Reached skill level 10 in Fighting
 13876 | D:10     | Identified the staff "Qeitea" {Fly rC+ Dex+4 Ice Earth}
 14357 | D:10     | Reached skill level 12 in Maces & Flails
 14357 | D:10     | Reached skill level 1 in Air Magic
 14847 | D:10     | Found Peemu's Weapon Shop.
 14849 | D:10     | Found a staircase to the Orcish Mines.
 14850 | D:10     | Found Haddenwi's Armour Shop.
 15891 | D:7      | Something stole a +0 orcbow of flaming
 15893 | D:7      | Something stole 596 gold
 16039 | D:7      | Maurice stole 327 gold
 16040 | D:7      | Maurice stole 625 gold
 16043 | D:7      | Killed Maurice
 16267 | D:7      | Killed jongho1212's ghost
 16409 | D:6      | Bought an amulet of regeneration for 390 gold pieces
 16537 | D:10     | Bought a +0 great mace for 104 gold pieces
 16625 | Lair:1   | Entered Level 1 of the Lair of Beasts
 16814 | Lair:1   | Found a gate leading to a gauntlet.
 16823 | Gauntlet | Entered a Gauntlet
 16823 | Gauntlet | Found a transporter.
 16844 | Gauntlet | Found a transporter.
 16845 | Gauntlet | Found a transporter.
 16846 | Gauntlet | Found a transporter.
 16853 | Gauntlet | Found a transporter.
 16856 | Gauntlet | Found a transporter.
 16857 | Gauntlet | Found a transporter.
 16865 | Gauntlet | Found a transporter.
 16868 | Gauntlet | Found a transporter.
 16869 | Gauntlet | Found a transporter.
 16871 | Gauntlet | Noticed a quicksilver ooze
 16880 | Gauntlet | Found a transporter.
 16880 | Gauntlet | Found a transporter.
 16881 | Gauntlet | Found a transporter.
 16886 | Gauntlet | Noticed a catoblepas
 16887 | Gauntlet | Found a runed translucent gate.
 16887 | Gauntlet | Found a runed translucent gate.
 16887 | Gauntlet | Found a runed translucent gate.
 16889 | Gauntlet | Found a transporter.
 16984 | Gauntlet | Reached *** piety under Beogh
 17402 | Gauntlet | Killed a catoblepas
 17408 | Gauntlet | Reached skill level 5 in Dodging
 17493 | Gauntlet | Noticed a minotaur
 17505 | Gauntlet | Killed a minotaur
 17583 | Gauntlet | Identified the +0 ring mail of the Volcano {Str+4 Int+6
                  | Stlth+}
 17852 | Lair:1   | Anointed Bogdan the priest as your apostle
 18128 | Lair:1   | Identified the amulet of Finality {rF+ RegenMP+ Str+2}
 18437 | Lair:2   | Reached skill level 5 in Armour
 18437 | Lair:2   | Reached XP level 13. HP: 117/118 MP: 18/18
 18490 | Lair:2   | Found a hole to the Spider Nest.
 19103 | Lair:2   | Anointed Marbork the priest as your apostle
 19545 | Lair:3   | Reached **** piety under Beogh
 19591 | Lair:3   | Reached skill level 13 in Maces & Flails
 20300 | Lair:3   | Found a staircase to the Shoals.
 20520 | Lair:4   | Found a frozen archway.
 20550 | IceCv    | Entered an ice cave
 21078 | IceCv    | Reached skill level 14 in Maces & Flails
 21150 | IceCv    | Found an ancient bone altar of Kikubaaqudgha.
 21152 | IceCv    | Reached ***** piety under Beogh
 21601 | IceCv    | Your ally Marbork died
 21892 | Lair:4   | Identified the +6 dagger of Discord {freeze, rF+}
 21892 | Lair:4   | Identified the +1 robe of Whack-A-Mole {+Blink Will+++
                  | Int-2 Archmagi}
 21902 | Lair:4   | Anointed Morun the wizard as your apostle
 22289 | Lair:4   | Reached skill level 15 in Maces & Flails
 22314 | Lair:4   | Found a viscous altar of Jiyva.
 22314 | Lair:4   | Found a staircase to the Slime Pits.
 22808 | Lair:5   | Entered Level 5 of the Lair of Beasts
 22820 | Lair:5   | Reached XP level 14. HP: 94/130 MP: 9/19
 23357 | Lair:5   | Reached skill level 16 in Maces & Flails
 23484 | Lair:5   | Identified the +3 long sword of Turmoil {drain, MP+9 Int+4}
 23493 | Lair:5   | Your ally Marbork died
 23495 | Lair:5   | Paralysed by an orc sorcerer for 3 turns
 23498 | Lair:5   | Your ally Bogdan died
 23502 | Lair:5   | Was placed under penance by Beogh
 23838 | Lair:5   | Was forgiven by Beogh
 24075 | Lair:5   | Reached skill level 17 in Maces & Flails
 24076 | Lair:5   | Your ally Morun died
 24097 | Lair:5   | Reached ****** piety under Beogh
 25314 | D:10     | Reached skill level 15 in Fighting
 25376 | D:11     | Noticed Fannar
 25379 | D:11     | Noticed Erolcha
 25432 | D:11     | Noticed Urug
 25496 | D:10     | Killed Fannar
 25588 | D:11     | Killed Erolcha
 25593 | D:11     | Pacified Urug
 25865 | D:11     | Found a portal to a secret trove of treasure.
 26375 | D:12     | Reached XP level 15. HP: 140/141 MP: 15/20
 26841 | D:12     | Identified the +1 robe of Exclusion {Dex+2}
 27742 | D:14     | Reached skill level 18 in Maces & Flails
 28273 | D:14     | Reached skill level 10 in Armour
 28407 | D:14     | Found a gate to the Vaults.
 29759 | D:14     | Found a sacrificial altar of Ru.
 29789 | D:15     | Entered Level 15 of the Dungeon
 29870 | D:15     | Noticed Ruhen's ghost (adept CoGl)
 29880 | D:15     | Found a runed translucent gate.
 29882 | D:15     | Identified the ring of Springtime {rF+ AC+4}
 30025 | D:15     | Identified the +0 pair of boots of Foolhardiness {Str+5
                  | Stlth-}
 30494 | D:15     | Found a runed translucent gate.
 30494 | D:15     | Found a runed translucent gate.
 30686 | D:15     | Found a staircase to the Depths.
 30934 | D:15     | Your ally Bogdan died
 30941 | D:15     | Anointed Hilgar the warrior as your apostle
 31085 | D:15     | Found a roughly hewn altar of Beogh.
 31123 | D:15     | Killed Ruhen's ghost
 31228 | D:15     | Identified the +5 cloak "Melutty" {Int+3 Dex+2 Stlth+}
 31244 | D:15     | Identified the +1 pair of gloves "Epixt" {MP-9 Int+3 SInv
                  | Stlth+}
 31422 | Orc:1    | Entered Level 1 of the Orcish Mines
 31447 | Orc:1    | Found Vemnel's Distillery.
 31462 | Orc:1    | Your ally Hilgar died
 31836 | Orc:1    | Found a burning altar of Makhleb.
 31902 | Orc:1    | Bought a potion of heal wounds for 75 gold pieces
 31902 | Orc:1    | Bought a potion of brilliance for 60 gold pieces
 31902 | Orc:1    | Bought a potion of mutation for 120 gold pieces
 31902 | Orc:1    | Bought a potion of lignification for 45 gold pieces
 32153 | Orc:2    | Entered Level 2 of the Orcish Mines
 32303 | Orc:2    | Found a staircase to the Elven Halls.
 32371 | Orc:2    | Found a roughly hewn altar of Beogh.
 32376 | Orc:2    | Reached skill level 19 in Maces & Flails
 32641 | Orc:2    | Found a roughly hewn altar of Beogh.
 32729 | Orc:2    | Found Esyrim's Jewellery Shop.
 32729 | Orc:2    | Found Usirch's Assorted Antiques.
 32729 | Orc:2    | Found Okiliuhu's Jewellery Boutique.
 32733 | Orc:2    | Found Angegod's Magic Scroll Shop.
 32852 | Orc:2    | Bought an ancient amber ring for 185 gold pieces
 32852 | Orc:2    | Identified the ring "Kupag" {rPois Will+ Int+6} (You bought
                  | it in a shop on level 2 of the Orcish Mines)
 32918 | Orc:2    | Found a roughly hewn altar of Beogh.
 33306 | Orc:2    | Bought the ring "Iptuopin" {Fly rElec rN+ Dex+2} for 483
                  | gold pieces
 33308 | Orc:2    | Bought a brightly glowing chain mail for 351 gold pieces
 33308 | Orc:2    | Identified the +6 chain mail "Voazem" {rCorr Str+3} (You
                  | bought it in a shop on level 2 of the Orcish Mines)
 33811 | Lair:5   | Learned a level 5 spell: Summon Forest
 33887 | Shoals:1 | Entered Level 1 of the Shoals
 34028 | Shoals:1 | Reached XP level 16. HP: 152/152 MP: 16/21
 34255 | Shoals:1 | Your ally Morun died
 34568 | Shoals:1 | Noticed a kraken
 34577 | Shoals:1 | Killed a kraken
 35177 | Shoals:2 | Noticed Ilsuiw
 35205 | Shoals:2 | Reached skill level 1 in Summonings
 35214 | Shoals:2 | Identified the serpent talisman of Amuov {rC+}
 35214 | Shoals:2 | Noticed Aizul
 35216 | Shoals:2 | Killed Ilsuiw
 35226 | Shoals:2 | Killed Aizul
 35479 | Shoals:2 | Reached skill level 5 in Spellcasting
 35670 | Shoals:2 | Your ally Morun died
 35861 | Shoals:2 | Anointed Margrim the warrior as your apostle
 36629 | Shoals:3 | Found Lifan's Antique Armour Shoppe.
 36843 | Shoals:3 | Identified the +7 flail "No More Talking" {flame, rF+}
 37017 | Shoals:3 | Noticed Bai Suzhen
 37040 | Shoals:3 | Killed Bai Suzhen
 37041 | Shoals:3 | Reached skill level 10 in Translocations
 37041 | Shoals:3 | Your ally Morun died
 37484 | Shoals:4 | Entered Level 4 of the Shoals
 37697 | Shoals:4 | Reached skill level 20 in Maces & Flails
 37727 | Shoals:4 | Reached XP level 17. HP: 35/163 MP: 7/24
 37869 | Shoals:4 | Noticed Roxanne
 38012 | Shoals:4 | Killed Roxanne
 38022 | Shoals:4 | Your ally Hilgar died
 38321 | Shoals:4 | Reached skill level 5 in Evocations
 38567 | Shoals:4 | Got a barnacled rune of Zot
 38746 | Shoals:4 | Noticed Polyphemus
 38761 | Shoals:4 | Killed Polyphemus
 38801 | Shoals:4 | Found a runed translucent gate.
 38801 | Shoals:4 | Found a runed translucent gate.
 38801 | Shoals:4 | Found a runed translucent gate.
 39076 | Shoals:4 | Identified the +2 dagger of Mutrei {venom, rPois rF++
                  | Dex-2}
 39333 | Shoals:4 | Noticed RememberNoOTab's ghost (adept DsCj)
 39341 | Shoals:4 | Your ally Morun died
 39349 | Shoals:4 | Killed by an exploding ball lightning

Illustrated notes

Levels and vault maps discovered:
D:1:      dpeg_arrival_three_smaller_balls, layout_basic
D:2:      layout_basic
D:3:      layout_loops_ring, minmay_fractal_squares_diagonal_5
D:4:      cheibrodos_fertilizer, layout_loops_ring, portal_sewer_entry_d,
          minmay_vboxes
D:5:      layout_cave_pools, minmay_temple_entry_sparse_star,
          blue_anna_alchemist, serial_library_hellmonk_filled_rooms,
          uniq_eustachio, uniq_menkaure
D:6:      layout_layer_cave, vehumet_statue, gammafunk_temple_overflow_statue,
          serial_shops, shop, minmay_joined_circles, uniq_duvessa
D:7:      minmay_flawed_box, layout_gridville, mainiacjoe_overflow_catwalk,
          ebering_ghost_rock_garden, minmay_misc_feat_cross, uniq_maurice
D:8:      layout_loops_corners, okawaru_trees_1, david_lair_generic,
          uniq_psyche, uniq_gastronok
D:9:      layout_basic, nicolae_uskayaw_suspiria
D:10:     minmay_the_grid_square_5x5_4x4 [minmay_the_grid_square_5x5_shuriken,
          minmay_the_grid_square_5x5_inset,
          minmay_the_grid_square_5x5_sharp_hourglass,
          minmay_the_grid_square_5x5_seven,
          minmay_the_grid_square_5x5_doubleslash,
          minmay_the_grid_square_5x5_prize_gold,
          minmay_the_grid_square_5x5_prize_waves,
          minmay_the_grid_square_5x5_spiral_small,
          minmay_the_grid_square_5x5_two_walls_b,
          minmay_the_grid_square_5x5_prize_junk,
          minmay_the_grid_square_5x5_prize_deathbox,
          minmay_the_grid_square_5x5_bracketed,
          minmay_the_grid_square_5x5_minimal,
          minmay_the_grid_square_5x5_half_checkered,
          minmay_the_grid_square_5x5_percent, minmay_the_grid_square_5x5_comb],
          layout_loops_corners, orc_david_3
D:11:     layout_long_grid, trove_entry_hex_spiral, uniq_urug, uniq_erolcha,
          uniq_fannar
D:12:     layout_roguey
D:13:     layout_roguey
D:14:     layout_grid_maze, erik_vaults_1, fountainhead,
          nicolae_ru_path_of_blood
D:15:     hellmonk_depths_entry_around_the_bend, layout_loops_corners,
          biasface_ghost_orc_armoury, serial_bayou_shore_b, drop_trap
Lair:1:   layout_regular_city, gauntlet_entry_generic, lemuel_fruit_fields
Lair:2:   beast_lair_carwin_large_4, layout_regular_city,
          spider_nest_entry_web_field, chequers_serial_rivers_small_3,
          st_stairs_5, serial_bayou_lake_a, lemuel_fruit_fields
Lair:3:   layout_cellular_growth, minmay_shoals_entry_lonely_mermaid
Lair:4:   layout_loops_ring, dpeg_slime_entry_enclosed,
          portal_ice_cave_entry_ice_simulacra, serial_bayou_shore_a
Lair:5:   gammafunk_lair_ancient_temple, layout_loops_ring, dpeg_oklob_1,
          lemuel_fruit_tree
Shoals:1: layout_shoals, nicolae_shoals_lost_giant_temple
Shoals:2: layout_shoals, nicolae_shoals_bring_sunscreen, uniq_ilsuiw, uniq_aizul
Shoals:3: layout_shoals, serial_shops, shop, uniq_bai_suzhen
Shoals:4: shoals_end_grunt_garden, layout_shoals, gammafunk_ghost_necromancy,
          nicolae_shoals_hunting_party, uniq_polyphemus, uniq_roxanne
Orc:1:    layout_diamond_mine, basic_altar, guppyfry_orc_lava_fort
Orc:2:    st_orc_mages, layout_caves, hangedman_feature_mirror, mines1_david

Skill      XL: |  1  2  3  4  5  6  7  8  9 10 11 12 13 14 15 16 17 |
---------------+----------------------------------------------------+-----
Maces & Flails | 3 4 5 6 7 9 10 11 12 15 17 19 20 | 20.0
Fighting       | 3 4 5 6 8 9 12 13 15 16 17 18 | 18.0
Throwing       | 2 3 |  3.0
Armour         | 2 5 6 9 11 12 | 12.0
Stealth        | 2 3 |  3.0
Dodging        | 3 4 5 6 |  6.0
Spellcasting   | 2 4 5 6 |  6.0
Translocations | 5 8 9 10 | 10.9
Evocations     | 2 4 6 |  6.1
Invocations    | 6 7 8 9 |  9.4
Air Magic      | 3 4 |  4.0
Summonings     | 2 |  2.0

Action                     |  1- 3 |  4- 6 |  7- 9 | 10-12 | 13-15 | 16-18 || total
---------------------------+-------+-------+-------+-------+-------+-------++-------
  Melee: Mace              |    85 |    56 |       |       |       |       ||   141
         Headbutt          |     8 |    16 |    45 |   122 |   178 |   107 ||   476
         Flail             |       |    49 |   342 |   319 |       |       ||   710
         Whip              |       |       |     2 |    32 |       |       ||    34
         Great mace        |       |       |       |   144 |   774 |   386 ||  1304
         Unarmed           |       |       |       |     2 |       |       ||     2
  Throw: Dart              |       |    14 |    76 |    86 |     7 |     3 ||   186
         Javelin           |       |       |     3 |     2 |       |       ||     5
         Boomerang         |       |       |       |       |    53 |       ||    53
   Cast: Blink             |       |       |     1 |     7 |    21 |     4 ||    33
         Maxwell's Portabl |       |       |       |     6 |    10 |       ||    16
         Teleport Other    |       |       |       |     8 |    23 |       ||    31
         Vhi's Electric Ch |       |       |       |     4 |   165 |    84 ||   253
         Lesser Beckoning  |       |       |       |     1 |     9 |    21 ||    31
         Apportation       |       |       |       |       |     2 |       ||     2
         Summon Forest     |       |       |       |       |       |     2 ||     2
 Invoke: Convert to Beogh  |       |       |     1 |       |       |       ||     1
         Smiting           |       |       |       |     3 |     3 |     5 ||    11
         Recruit Apostle   |       |       |       |     1 |     3 |     1 ||     5
         Recall Apostles   |       |       |       |       |    23 |     2 ||    25
         Dismiss Apostle   |       |       |       |       |     1 |     1 ||     2
  Evoke: Wand              |       |       |     7 |    21 |    22 |     5 ||    55
         Gell's gravitambo |       |       |       |       |     5 |     1 ||     6
    Use: Potion            |       |       |     1 |     2 |       |     1 ||     4
         Scroll            |       |       |       |    19 |    14 |     6 ||    39
   Stab: Sleeping          |       |       |       |     1 |     1 |     1 ||     3
         Distracted        |       |       |       |       |     3 |     7 ||    10
         Petrified         |       |       |       |       |       |     1 ||     1
 Armour: Leather armour    |    36 |       |   239 |   550 |    61 |       ||   886
         Scale mail        |    47 |    79 |       |       |       |       ||   126
         Ring mail         |       |    62 |    36 |       |   631 |   311 ||  1040
         Skin              |       |       |       |     6 |       |       ||     6
         Chain mail        |       |       |       |       |    18 |    24 ||    42
  Dodge: Dodged            |    63 |    80 |   149 |   298 |   357 |   196 ||  1143

Table legend: (Time is in decaauts)
 A = Elapsed time spent in this place.
 B = Non-inter-level travel time spent in this place.
 C = Inter-level travel time spent in this place.
 D = Time resting spent in this place.
 E = Time spent auto-exploring this place.
 F = Levels seen in this place.
 G = Mean time per level.
                   A        B        C        D        E       F      G
               +--------+--------+--------+--------+--------+-----+--------+
         Total |  39392 |  37081 |   2311 |   3783 |  25725 |  29 | 1358.3 |
       Dungeon |  22872 |  21306 |   1566 |   2529 |  14787 |  15 | 1524.8 |
          Lair |   6737 |   6222 |    515 |    497 |   4207 |   5 | 1347.4 |
        Shoals |   5376 |   5230 |    146 |    230 |   3989 |   4 | 1344.0 |
  Orcish Mines |   1779 |   1696 |     83 |      0 |   1375 |   2 |  889.5 |
         Sewer |    363 |    363 |      0 |      0 |    248 |   1 |  363.0 |
      Ice Cave |   1333 |   1333 |      0 |    324 |    653 |   1 | 1333.0 |
      Gauntlet |    929 |    929 |      0 |    202 |    465 |   1 |  929.0 |
               +--------+--------+--------+--------+--------+-----+--------+

Top non-repeatable levels by time:
    D:10: 4887 daAuts
     D:9: 2185 daAuts
  Lair:5: 2168 daAuts
     D:6: 2100 daAuts
     D:8: 2033 daAuts
    D:14: 1989 daAuts
    D:15: 1506 daAuts
Shoals:4: 1448 daAuts
Shoals:3: 1394 daAuts
Shoals:1: 1372 daAuts
   IceCv: 1333 daAuts
     D:7: 1318 daAuts
  Lair:4: 1291 daAuts
  Lair:3: 1215 daAuts
   Orc:2: 1211 daAuts
